 Dungeon Crawl Stone Soup version 0.31-a0-222-gefeffbb62a (webtiles) character file.

Game seed: 14775094134647484035

177 puppykicker the Shooter (level 5, -1/28 HPs)
             Began as a Deep Elf Hexslinger on July 6, 2023.
             Succumbed to a scorpion's poison
             ... on level 4 of the Dungeon.
             The game lasted 00:04:57 (2259 turns).

puppykicker the Shooter (Deep Elf Hexslinger)       Turns: 2259, Time: 00:04:58

Health: -1/28      AC:  3    Str:  3 (5)  XL:     5   Next: 31%
Magic:  9/9        EV: 12    Int: 19 (20) God:
Gold:   213        SH:  5    Dex: 15 (17) Spells: 2/7 levels left

rFire   . . .        a - +1 sling
rCold   . . .        (no shield)
rNeg    . . .        c - +0 robe
rPois   .            (no helmet)
rElec   .            (no cloak)
rCorr   .            j - +0 pair of gloves
SInv    .            (no boots)
Will    .....        m - amulet of reflection
Stlth   +            (no ring)
HPRegen 0.24/turn    (no ring)
MPRegen 0.11/turn

%: reflection
@: lethally poisoned (-1 -> -11)
A: no striking features
a: no special abilities


You were on level 4 of the Dungeon.
You visited 1 branch of the dungeon, and saw 4 of its levels.

You collected 213 gold pieces.

Inventory:

Hand Weapons
 a - a +1 sling (weapon)
Armour
 c - a +0 robe (worn)
 j - a +0 pair of gloves (worn)
Magical Staves
 w - a staff of cold {rC+}
Jewellery
 i - a ring of ice {rC+, rF-}
 m - an amulet of reflection (around neck)
Scrolls
 e - 2 scrolls of enchant weapon
 f - 2 scrolls of fog
 h - 2 scrolls of revelation
 l - a scroll of summoning
 n - 2 scrolls of immolation {!r}
Potions
 d - 2 potions of invisibility {unknown}
 k - 2 potions of curing {unknown}


   Skills:
 - Level 0.7 Fighting
 * Level 7.4 Ranged Weapons
 - Level 2.4 Dodging
 - Level 1.5 Spellcasting
 - Level 4.0 Hexes


You had 2 spell levels left.
You knew the following spells:

 Your Spells              Type           Power      Damage    Failure   Level
e - Cause Fear            Hex            8%         N/A       34%         4
s - Slow                  Hex            64%        N/A       3%          1

Your spell library contained the following spells:

 Spells                   Type           Power      Damage    Failure   Level
 Inner Flame              Hex/Fire       9%         N/A       24%         3
 Portal Projectile        Hex/Tloc       18%        N/A       24%         3
 Summon Mana Viper        Hex/Summ       9%         N/A       91%         5
 Yara's Violent Unravell  Hex/Tmut       4%         3d4       91%         5
 Summon Forest            Summ/Tloc      0%         N/A       99%         5
 Summon Cactus Giant      Summ           0%         N/A       100%        6
 Enfeeble                 Hex            8%         N/A       100%        7


Dungeon Overview and Level Annotations

Branches:
Dungeon (4/15)
 Temple: D:4-7

Altars:
Makhleb
Xom

Portals:
Sewer: D:4


Message History

The scorpion closely misses you.
You shoot a sling bullet.
The sling bullet hits the scorpion but does no damage.
The scorpion stings you.
You are poisoned.
The scorpion poisons you! The scorpion closely misses you.
You take 6 damage, and have 17/28 hp.
MASSIVE DAMAGE!!
You shoot a sling bullet.
The sling bullet hits the scorpion but does no damage.
You feel sick.
The giant cockroach waves its antennae.
You block the scorpion's attack.
You take 1 damage, and have 16/28 hp.
You shoot a sling bullet.
The sling bullet closely misses the scorpion.
You feel sick. The scorpion stings you.
* * * LOW HITPOINT WARNING * * *
You take 2 damage, and have 14/28 hp.
You shoot a sling bullet. The sling bullet hits the scorpion.
You feel sick. The scorpion stings you.
* * * LOW HITPOINT WARNING * * *
You are lethally poisoned!
The scorpion poisons you! The giant cockroach closely misses you.
You take 6 damage, and have 8/28 hp.
MASSIVE DAMAGE!!
* * * LOW HITPOINT WARNING * * *
You feel very sick. The giant cockroach barely misses you.
You take 4 damage, and have 4/28 hp.
* * * LOW HITPOINT WARNING * * *
You feel very sick.
You take 3 damage, and have 1/28 hp.
Unknown command.
It was a potion of degeneration.
There was something very wrong with that liquid.
You feel weakened.
You feel dopey.
You feel clumsy.
You die...

#### ####.#+#######
...# #.#
##.########.#
#.........#.#.#
####.......)...#.#
#.....)#######.#.#
#.#....#~~~BS#.#.#
#....#~~∩SS+.#.## .
#....#~~~BS#@#..# ..#
#.##...#######B#.#..#
#.................#
######..##..#.....#
........#####..#
#######..#####..#
#......#### #.#....#
#.#.#######


You could see 3 adders and 3 giant cockroaches.

Levels and vault maps discovered:
D:1:      dpeg_arrival_houses_and_road, layout_loops_corners
D:2:      layout_basic, basic_altar
D:3:      layout_rooms, mainiacjoe_overflow_paths, minmay_misc_feat_tiny
D:4:      layout_basic, minmay_temple_entry_steel_oval, gup_sewer_entry_glass,
          uniq_menkaure

Notes
Turn   | Place    | Note
-------+----------+-------------------------------------------
     0 | D:1      | puppykicker the Deep Elf Hexslinger began the quest for the
                  | Orb.
     0 | D:1      | Reached XP level 1. HP: 11/11 MP: 5/5
    28 | D:1      | Identified a +0 dagger
    40 | D:1      | Reached skill level 3 in Ranged Weapons
   122 | D:1      | Identified a +0 spear
   164 | D:1      | Reached XP level 2. HP: 16/16 MP: 6/6
   184 | D:1      | Identified a +0 club
   193 | D:1      | Identified a +0 hand axe
   199 | D:1      | Identified a +0 dagger
   207 | D:1      | Reached skill level 4 in Ranged Weapons
   311 | D:1      | Identified a +0 club
   569 | D:1      | Identified a +0 dagger
   815 | D:1      | Identified a +0 robe
   950 | D:2      | Identified a +0 dagger
   955 | D:2      | Identified a +0 pair of gloves
   990 | D:2      | Found a shimmering altar of Xom.
  1000 | D:2      | HP: 3/16 [dart slug/slug dart (4)]
  1003 | D:2      | Reached XP level 3. HP: 4/20 MP: 7/7
  1153 | D:2      | Reached skill level 5 in Ranged Weapons
  1283 | D:2      | Reached XP level 4. HP: 24/24 MP: 8/8
  1290 | D:2      | Identified a +0 whip
  1435 | D:2      | Reached skill level 6 in Ranged Weapons
  1438 | D:2      | Identified a +0 long sword
  1634 | D:3      | Learned a level 4 spell: Cause Fear
  1646 | D:3      | Identified an amulet of reflection
  1661 | D:3      | Identified 4 scrolls of identify
  1661 | D:3      | Identified a scroll of summoning
  1662 | D:3      | Identified a scroll of enchant weapon
  1663 | D:3      | Identified 2 scrolls of revelation
  1664 | D:3      | Identified 2 scrolls of fog
  1697 | D:3      | Identified a scroll of immolation
  1712 | D:3      | Identified a +0 dagger
  1712 | D:3      | Identified a +0 flail
  1718 | D:3      | Identified a +0 short sword
  1780 | D:3      | Found a burning altar of Makhleb.
  1844 | D:3      | Identified a +0 hand axe
  1849 | D:3      | Identified a +0 dagger
  2079 | D:3      | Identified a +0 club
  2094 | D:3      | Identified a ring of ice
  2148 | D:4      | Found a glowing drain.
  2152 | D:4      | Identified a +0 hand axe
  2160 | D:4      | Identified a +0 short sword
  2185 | D:4      | Reached skill level 7 in Ranged Weapons
  2185 | D:4      | Reached XP level 5. HP: 21/28 MP: 9/9
  2198 | D:4      | Identified a +0 club
  2257 | D:4      | HP: 4/28 [poisoned by a scorpion]
  2258 | D:4      | HP: 1/28 [poisoned by a scorpion]
  2259 | D:4      | Identified a potion of degeneration
  2259 | D:4      | Succumbed to a scorpion's poison

Table legend: (Time is in decaauts)
 A = Elapsed time spent in this place.
 B = Non-inter-level travel time spent in this place.
 C = Inter-level travel time spent in this place.
 D = Time resting spent in this place.
 E = Time spent auto-exploring this place.
 F = Levels seen in this place.
 G = Mean time per level.
                   A        B        C        D        E       F      G
               +--------+--------+--------+--------+--------+-----+--------+
         Total |   2286 |   2184 |    102 |    113 |   1645 |   4 |  571.5 |
       Dungeon |   2286 |   2184 |    102 |    113 |   1645 |   4 |  571.5 |
               +--------+--------+--------+--------+--------+-----+--------+

Top non-repeatable levels by time:
     D:1: 959 daAuts
     D:2: 688 daAuts
     D:3: 517 daAuts
     D:4: 120 daAuts

Table legend:
 A = Kills in this place as a percentage of kills in the entire game.
 B = Kills by you in this place as a percentage of kills by you in the entire game.
 C = Kills by friends in this place as a percentage of kills by friends in the entire game.
 D = Other kills in this place as a percentage of other kills in the entire game.
 E = Experience gained in this place as a percentage of experience gained in the entire game.
 F = Experience gained in this place divided by the number of levels of this place that you have seen.
                   A       B       C       D       E      F
               +-------+-------+-------+-------+-------+----------------------
         Total | 100.0 | 100.0 |   N/A |   N/A | 100.0 |  63.5
       Dungeon | 100.0 | 100.0 |   N/A |   N/A | 100.0 |  63.5
               +-------+-------+-------+-------+-------+----------------------

Skill      XL: |  1  2  3  4 |
---------------+-------------+-----
Ranged Weapons | 3 4 5 7 |  7.4
Fighting       | |  0.7
Dodging        | |  2.4
Spellcasting   | |  1.5
Hexes          | |  4.0

Action                     |  1- 3 |  4- 6 || total
---------------------------+-------+-------++-------
   Fire: Sling             |   100 |   110 ||   210
    Use: Scroll            |       |     6 ||     6
         Potion            |       |     1 ||     1
 Armour: Robe              |     4 |     3 ||     7
  Dodge: Dodged            |    20 |    29 ||    49
  Block: Other             |       |     6 ||     6

Vanquished Creatures
  A hound (D:4)
  A jelly (D:4)
  4 adders (D:2)
  4 worms
  3 dart slugs
  2 orcs
  10 ball pythons
  4 bats
  4 endoplasms
  3 giant cockroaches
  7 goblins
  3 hobgoblins
  5 kobolds
  A quokka (D:1)
  6 frilled lizards
  3 rats (D:2)
61 creatures vanquished.
